 Dungeon Sprint DCSS version 0.17-a0-2220-g6fea741 (webtiles) character file.

98072 Kidiri the Imperceptible (level 14, -10/75 HPs)
             Began as a Spriggan Enchanter on Oct 28, 2015.
             Was the Champion of Dithmenos.
             Killed from afar by a quicksilver dragon (38 damage)
             ... with a bolt of dispelling energy
             ... in the Dungeon (Sprint III: "The Ten Rune Challenge").
             The game lasted 00:37:27 (7942 turns).

Kidiri the Imperceptible (Spriggan Enchanter)       Turns: 7942, Time: 00:37:27

Health: -10/75     AC:  9    Str: 19    XL:     14   Next: 92%
Magic:  6/37       EV: 38    Int: 27    God:    Dithmenos [******]
Gold:   2509       SH:  8    Dex: 16    Spells: 10 memorised, 6 levels left

rFire  . . .     SeeInvis +     b - +5 short sword (freeze)
rCold  . . .     Clarity  +     x - +2 robe {Archmagi}
rNeg   . . .     SustAt   .     i - +3 buckler {reflect}
rPois  +         Gourm    .     j - +2 hat {Int+3}
rElec  .         Spirit   .     n - +1 cloak
rCorr  .         Warding  .     (gloves unavailable)
rMut   .         NoTele   +     (boots unavailable)
MR     ++...                    (no amulet)
Stlth  ++++++++++               K - ring "Nauxo" {rPois EV+4 Str+3}
                                L - ring of Tavu Tyt {+Inv Str+3 Int+5 Dex-3}

@: mighty, lethally poisoned (-10 -> -13), wreathed by umbra, very quick, very
resistant to hostile enchantments, uncannily stealthy
A: unfitting armour, beak, see invisible, clarity, herbivore 3, speed 3, sense
surroundings 1, slow metabolism 2, spit poison 2, strong 2
a: Spit Poison, Shadow Step, Shadow Form, Renounce Religion, Evoke Invisibility
}: 2/10 runes: decaying, barnacled


You were in the Dungeon.
You worshipped Dithmenos.
Dithmenos was exalted by your worship.
You were not hungry.

You visited 1 branch You collected 5284 gold pieces.
You spent 2775 gold pieces at shops.

Inventory:

Hand Weapons
 b - a +5 short sword of freezing (weapon)
Armour
 i - a +3 buckler of reflection (worn)
 j - a +2 hat of intelligence (worn)
 n - a +1 cloak (worn)
 x - a +2 robe of the Archmagi (worn)
 A - a +1 robe of resistance
Jewellery
 y - an uncursed ring of flight
 K - the ring "Nauxo" (right hand) {rPois EV+4 Str+3}
   (You found it in the Dungeon)

   [ring of evasion]

   It affects your evasion (+4).
   It affects your strength (+3).
   It protects you from poison.
 L - the ring of Tavu Tyt (left hand) {+Inv Str+3 Int+5 Dex-3}
   (You found it in the Dungeon)

   [ring of invisibility]

   It affects your strength (+3).
   It affects your intelligence (+5).
   It affects your dexterity (-3).
   It lets you turn invisible.
Wands
 d - a wand of teleportation (8)
 l - a wand of slowing (17)
 X - a wand of hasting (5)
Scrolls
 a - 3 scrolls of amnesia
 m - a scroll of holy word
 o - a scroll of remove curse
 r - 2 scrolls of torment
 v - a scroll of blinking
 w - a scroll of silence
Potions
 e - a potion of invisibility
 g - a potion of haste
 h - 2 potions of magic
 q - 3 potions of flight
 s - a potion of cure mutation
 t - a potion of lignification
 z - 2 potions of curing
Books
 Y - a book of Power

   Spells                             Type                      Level
   a - Fulminant Prism                Conjuration/Hexes            4
   b - Iskenderun's Mystic Blast      Conjuration                  4
   c - Venom Bolt                     Conjuration/Poison           5
   d - Bolt of Magma                  Conjuration/Fire/Earth       5
   e - Iron Shot                      Conjuration/Earth            6
   f - Orb of Destruction             Conjuration                  7
   g - Spellforged Servitor           Conjuration/Summoning        7
Comestibles
 k - 9 fruits
 p - 28 royal jellies
 u - a slice of pizza


   Skills:
 + Level 9.6 Fighting
 * Level 17.2 Short Blades
 + Level 9.2 Armour
 * Level 21.3 Dodging
 * Level 22.9 Stealth
 * Level 18.5 Spellcasting
 + Level 9.0 Conjurations
 + Level 14.1 Hexes
 + Level 9.8 Ice Magic
 + Level 10.1 Air Magic
 + Level 7.2 Earth Magic
 + Level 5.9 Poison Magic
 - Level 4.5 Invocations
 + Level 8.1 Evocations


You had 6 spell levels left.
You knew the following spells:

 Your Spells              Type           Power        Failure   Level  Hunger
a - Corona                Hex            #######      0%          1    None
b - Ensorcelled Hibernat  Hex/Ice        ######       1%          2    None
c - Confuse               Hex            ########     1%          3    None
d - Tukima's Dance        Hex            ########     1%          3    None
e - Dazzling Spray        Conj/Hex       #######.     1%          3    None
f - Static Discharge      Conj/Air       #######.     1%          3    None
g - Lightning Bolt        Conj/Air       #######...   1%          5    None
h - Tornado               Air            #######...   100%        9    #######
i - Shatter               Erth           #######...   100%        9    #######
j - Poisonous Cloud       Conj/Pois/Air  #######...   14%         6    ##.....


Dungeon Overview and Level Annotations

Branches:
Dungeon (1/1)

Altars:
Cheibriados
Dithmenos
Elyvilon
Fedhas
Gozag
Kikubaaqudgha
Makhleb
Nemelex Xobeh
Okawaru
Qazlal
Ru
Sif Muna
Trog
Vehumet
Xom
Yredelemnul
Zin
The Shining One
Jiyva
Lugonu

Shops:
D [=!!?=((?}[?:![?=%}


Innate Abilities, Weirdness & Mutations

You are tiny and cannot use many weapons and most armour.
You have supernaturally acute eyesight.
You are a herbivore.
You cover ground extremely quickly.
You need consume almost no food.
You have a beak for a mouth.
You possess an exceptional clarity of mind.
You passively map a small area around you.
You can spit poison.
Your muscles are very strong. (Str +4)


Message History

The quicksilver dragon closely misses you.
The quicksilver dragon completely misses you.
You miss the quicksilver dragon.
The quicksilver dragon is lightly wounded.
Your shadow hits the quicksilver dragon but does no damage.
You puncture the quicksilver dragon! You freeze the quicksilver dragon!
You peck the quicksilver dragon, but do no damage.
The quicksilver dragon is heavily wounded.
The quicksilver dragon bites you!
The quicksilver dragon completely misses you.
You puncture the quicksilver dragon! You freeze the quicksilver dragon!
Your peck misses the quicksilver dragon.
The quicksilver dragon is severely wounded.
Your shadow hits the quicksilver dragon but does no damage.
You feel sick.
The quicksilver dragon breathes dispelling energy at you.
The bolt of dispelling energy hits you!
Your magical effects are unravelling.
Ouch! That really hurt!
You die...

≈≈##..##.#*,,,,,,,,,,,#≈≈≈≈≈#
.......#.#*,,,,,,,,,,,#.D≈≈≈#
≈≈##..##.#*,,,,,,,,,,,#.≈≈≈.#
..'......#*,,,,,,,,,,,#c≈b≈≈#
##########*,,,,,,,,,,,#.≈D..#
########***,,,,,,,,,,,#...(.#
.+...≈≈#,**,,,,,,,,,,,#..[..#
##...≈≈####################(#
.#...≈≈≈≈##....§@D§†§...c§..#
##...≈≈≈≈##.#######§..§.§.§§#
.#.......##.......#§§..§.§§§#
##.......########.#§§§.§.§§§#
.#.......##.......#......§§§#
#############+###############
###########.#.#...#.......≈.#
≈≈≈##≈.≈≈≈##.#.#.##≈≈≈≈≈≈≈≈≈#
≈≈≈#..≈#≈≈#.#.#.#.#.........#


You could see a quicksilver dragon.

Vanquished Creatures
  Norris (D)
  Sigmund (D)
  A golden dragon (D)
  A lich (D)
  Rupert (D)
  A deep elf master archer (D)
  Polyphemus (D)
  Gastronok (D)
  Chuck (D)
  2 shadow dragons (D)
  Ilsuiw (D)
  Maud (D)
  2 dire elephants (D)
  Azrael (D)
  A deep elf annihilator (D)
  A merfolk javelineer (D)
  2 vault guards (D)
  A fire dragon (D)
  2 deep elf high priests (D)
  2 yaktaur captains (D)
  2 hydras (D)
  An ice dragon (D)
  Erica (D)
  An alligator (shapeshifter) (D)
  4 death yaks (D)
  An ogre mage (D)
  3 centaur warriors (D)
  4 dancing weapons (D)
  4 orc high priests (D)
  A deep elf knight (D)
  An unseen horror (D)
  A death drake (D)
  A sea snake (D)
  A spriggan druid (D)
  A lindwurm (D)
  A deep elf summoner (D)
  2 obsidian statues (D)
  4 deep elf conjurers (D)
  A lindwurm (shapeshifter) (D)
  2 orc knights (D)
  A shining eye (shapeshifter) (D)
  An orc sorcerer (D)
  5 ugly things (D)
  2 elephants (D)
  2 torpor snails (shapeshifter) (D)
  Edmund (D)
  2 black mambas (D)
  3 yaktaurs (D)
  2 spiny frogs (D)
  A komodo dragon (D)
  A fire drake (D)
  3 wandering mushrooms (D)
  A queen bee (D)
  4 spriggan defenders (D)
  3 deep elf priests (D)
  3 slime creatures (D)
  8 blink frogs (D)
  2 spriggans (D)
  A human (shapeshifter) (D)
  A shadow (D)
  3 redbacks (D)
  A wyvern (shapeshifter) (D)
  A spatial vortex (D)
  A hydra simulacrum (D)
  A necrophage (D)
  2 centaurs (D)
  A swamp drake (D)
  An earth elemental (D)
  2 brain worms (D)
  A water elemental (D)
  An electric eel (D)
  32 killer bees (D)
  2 orc priests (D)
  A jelly (D)
  Jessica (D)
  A necromancer (D)
  A wizard (D)
  A wolf (D)
  3 sheep (D)
  3 humans (D)
  A kobold demonologist (D)
  An ooze (D)
  2 swamp drake simulacra (D)
  A giant gecko (D)
  12 orcs (D)
  2 rats (D)
  8 bushes (D)
  3 butterflies (D)
  A plant (D)
200 creatures vanquished.

Vanquished Creatures (others)
  2 draconian scorchers (D)
  A hydra (D)
  2 yaktaurs (D)
  7 plants (D)
12 creatures vanquished.

Grand Total: 212 creatures vanquished

Notes
Turn   | Place    | Note
--------------------------------------------------------------
     0 | D        | Kidiri the Spriggan Enchanter began the quest for the Orb.
     0 | D        | Reached XP level 1. HP: 9/9 MP: 5/5
    24 | D        | Noticed Jessica
    30 | D        | Killed Jessica
    30 | D        | Reached skill level 1 in Fighting
    30 | D        | Reached skill level 1 in Armour
    30 | D        | Reached skill level 5 in Stealth
    30 | D        | Reached XP level 2. HP: 12/14 MP: 6/8
    30 | D        | Reached XP level 3. HP: 15/18 MP: 6/9
    34 | D        | Learned a level 2 spell: Ensorcelled Hibernation
    38 | D        | Learned a level 3 spell: Confuse
    42 | D        | Learned a level 3 spell: Dazzling Spray
    78 | D        | Killed a yaktaur
    84 | D        | Noticed a wolf
    87 | D        | Killed a wolf
    87 | D        | Reached skill level 5 in Dodging
    87 | D        | Reached skill level 6 in Stealth
    92 | D        | Reached XP level 4. HP: 22/22 MP: 3/11
    98 | D        | Learned a level 3 spell: Tukima's Dance
   117 | D        | Gained mutation: You are frail (-10% HP). [potion of mutation]
   117 | D        | Gained mutation: Your muscles are strong. (Str +2) [potion of mutation]
   117 | D        | Gained mutation: You have a beak for a mouth. [potion of mutation]
   118 | D        | Gained mutation: You can spit weak poison. [potion of mutation]
   118 | D        | Lost mutation: You are frail (-10% HP). [potion of mutation]
   118 | D        | Gained mutation: You possess an exceptional clarity of mind. [potion of mutation]
   119 | D        | Gained mutation: You are robust (+10% HP). [potion of mutation]
   119 | D        | Gained mutation: You passively map a small area around you. [potion of mutation]
   189 | D        | Noticed a water elemental
   202 | D        | Killed a water elemental
   202 | D        | Reached skill level 7 in Stealth
   202 | D        | Reached skill level 5 in Spellcasting
   202 | D        | Reached skill level 1 in Conjurations
   202 | D        | Reached skill level 1 in Ice Magic
   260 | D        | Noticed a jelly
   261 | D        | Noticed a shadow
   263 | D        | Killed a shadow
   263 | D        | Reached skill level 5 in Short Blades
   263 | D        | Reached skill level 8 in Stealth
   263 | D        | Reached skill level 5 in Hexes
   263 | D        | Reached XP level 5. HP: 29/29 MP: 13/15
   263 | D        | Reached XP level 6. HP: 35/35 MP: 13/16
   267 | D        | Killed a jelly
   267 | D        | Reached skill level 9 in Stealth
   285 | D        | Found a stormy altar of Qazlal.
   286 | D        | Found a sacrificial altar of Ru.
   286 | D        | Found a burning altar of Makhleb.
   286 | D        | Found a viscous altar of Jiyva.
   286 | D        | Found a shimmering altar of Xom.
   286 | D        | Found a shadowy altar of Dithmenos.
   286 | D        | Found a sparkling altar of Nemelex Xobeh.
   286 | D        | Found a corrupted altar of Lugonu.
   286 | D        | Found an opulent altar of Gozag.
   286 | D        | Noticed a spatial vortex
   290 | D        | Became a worshipper of Dithmenos the Shadowed
   291 | D        | Killed a spatial vortex
   291 | D        | Reached skill level 1 in Invocations
   316 | D        | Found a radiant altar of Vehumet.
   317 | D        | Found a deep blue altar of Sif Muna.
   317 | D        | Found an ancient bone altar of Kikubaaqudgha.
   317 | D        | Noticed a wizard
   318 | D        | Killed a wizard
   320 | D        | Reached * piety under Dithmenos
   320 | D        | Reached skill level 10 in Stealth
   333 | D        | Learned a level 3 spell: Static Discharge
   339 | D        | Learned a level 5 spell: Lightning Bolt
   343 | D        | Killed a white draconian scorcher
   345 | D        | Killed a white draconian scorcher
   349 | D        | Found a glowing silver altar of Zin.
   350 | D        | Found a glowing golden altar of the Shining One.
   350 | D        | Found a white marble altar of Elyvilon.
   350 | D        | Noticed a deep elf priest
   352 | D        | Killed a deep elf priest
   352 | D        | Reached skill level 1 in Air Magic
   352 | D        | Reached XP level 7. HP: 39/39 MP: 17/19
   364 | D        | Found an iron altar of Okawaru.
   365 | D        | Found a bloodstained altar of Trog.
   365 | D        | Noticed a human
   365 | D        | Noticed a human
   368 | D        | Killed a human
   385 | D        | Killed a human
   385 | D        | Reached ** piety under Dithmenos
   385 | D        | Reached skill level 10 in Dodging
   385 | D        | Reached skill level 11 in Stealth
   424 | D        | Found a snail-covered altar of Cheibriados.
   424 | D        | Noticed a necrophage
   426 | D        | Noticed a necromancer
   428 | D        | Killed a necrophage
   428 | D        | Reached XP level 8. HP: 40/46 MP: 17/21
   433 | D        | Killed a necromancer
   434 | D        | Found a basalt altar of Yredelemnul.
   434 | D        | Found a blossoming altar of Fedhas.
   496 | D        | Noticed Erica
   504 | D        | HP: 2/46 [Erica/scimitar of flaming (2)]
   512 | D        | Killed Erica
   512 | D        | Reached skill level 12 in Stealth
   689 | D        | Noticed an earth elemental
   692 | D        | Killed an earth elemental
   697 | D        | Noticed a centaur
   697 | D        | Noticed a centaur warrior
   697 | D        | Noticed a centaur
   708 | D        | Killed a centaur
   710 | D        | Killed a centaur
   710 | D        | Reached *** piety under Dithmenos
   718 | D        | Killed a centaur warrior
   718 | D        | Reached skill level 13 in Stealth
   718 | D        | Reached skill level 10 in Spellcasting
   718 | D        | Reached XP level 9. HP: 16/50 MP: 6/24
   941 | D        | Noticed an unseen horror
   943 | D        | Killed an unseen horror
   963 | D        | Learned a level 9 spell: Tornado
   963 | D        | Noticed a killer bee
   963 | D        | Noticed a killer bee
   963 | D        | Noticed a killer bee
   963 | D        | Noticed a killer bee
   963 | D        | Noticed a killer bee
   963 | D        | Noticed a killer bee
   963 | D        | Noticed a killer bee
   963 | D        | Noticed a killer bee
   963 | D        | Noticed a killer bee
   963 | D        | Noticed a killer bee
   963 | D        | Noticed a killer bee
   963 | D        | Noticed a killer bee
   963 | D        | Noticed a queen bee
   963 | D        | Noticed a killer bee
   963 | D        | Noticed a killer bee
   964 | D        | Noticed a killer bee
   964 | D        | Noticed a killer bee
   964 | D        | Noticed a killer bee
   964 | D        | Noticed a killer bee
   964 | D        | Noticed a killer bee
   964 | D        | Noticed a killer bee
   964 | D        | Noticed a killer bee
   964 | D        | Noticed a killer bee
   964 | D        | Noticed a killer bee
   964 | D        | Noticed a killer bee
   964 | D        | Noticed a killer bee
   964 | D        | Noticed a killer bee
   964 | D        | Noticed a killer bee
   964 | D        | Noticed a killer bee
   964 | D        | Noticed a killer bee
   964 | D        | Noticed a killer bee
   964 | D        | Noticed a killer bee
   964 | D        | Noticed a killer bee
   965 | D        | Killed a killer bee
   966 | D        | Killed a killer bee
   968 | D        | Killed a killer bee
   968 | D        | Reached **** piety under Dithmenos
   969 | D        | Killed a killer bee
   973 | D        | Killed a killer bee
   976 | D        | Killed a killer bee
   976 | D        | Killed a killer bee
   985 | D        | Killed a killer bee
   987 | D        | Killed a killer bee
   987 | D        | Reached ***** piety under Dithmenos
   989 | D        | Killed a killer bee
   991 | D        | Killed a killer bee
  1002 | D        | Killed a killer bee
  1007 | D        | Killed a killer bee
  1143 | D        | Killed a killer bee
  1146 | D        | Killed a killer bee
  1146 | D        | Reached skill level 10 in Short Blades
  1148 | D        | Killed a killer bee
  1150 | D        | Killed a killer bee
  1152 | D        | Killed a killer bee
  1152 | D        | Reached XP level 10. HP: 56/56 MP: 14/26
  1156 | D        | Killed a killer bee
  1158 | D        | Killed a killer bee
  1160 | D        | Killed a killer bee
  1160 | D        | Reached skill level 14 in Stealth
  1163 | D        | Killed a killer bee
  1163 | D        | Reached ****** piety under Dithmenos
  1165 | D        | Killed a killer bee
  1165 | D        | Reached skill level 5 in Ice Magic
  1297 | D        | Killed a killer bee
  1303 | D        | Killed a killer bee
  1305 | D        | Killed a killer bee
  1307 | D        | Killed a killer bee
  1311 | D        | Killed a killer bee
  1315 | D        | Killed a killer bee
  1319 | D        | Killed a killer bee
  1319 | D        | Reached skill level 5 in Fighting
  1323 | D        | Killed a killer bee
  1325 | D        | Killed a killer bee
  1561 | D        | Killed a queen bee
  1633 | D        | Noticed a wandering mushroom
  1634 | D        | Noticed a wandering mushroom
  1634 | D        | Noticed a wandering mushroom
  1641 | D        | Killed a wandering mushroom
  1641 | D        | Reached skill level 5 in Armour
  1698 | D        | Killed a wandering mushroom
  1730 | D        | Killed a wandering mushroom
  1862 | D        | Noticed a spiny frog
  1862 | D        | Noticed a komodo dragon
  1862 | D        | Noticed a spiny frog
  1867 | D        | Killed a spiny frog
  1869 | D        | Killed a komodo dragon
  1870 | D        | Killed a spiny frog
  1871 | D        | Noticed a redback
  1873 | D        | Killed a redback
  1874 | D        | Noticed a brain worm
  1877 | D        | Killed a brain worm
  1880 | D        | Noticed a brain worm
  1882 | D        | Killed a brain worm
  1882 | D        | Reached skill level 15 in Stealth
  1885 | D        | Noticed a lindwurm
  1887 | D        | Noticed a redback
  1888 | D        | Killed a lindwurm
  1888 | D        | Reached skill level 5 in Conjurations
  1888 | D        | Reached skill level 5 in Air Magic
  1890 | D        | Killed a redback
  1894 | D        | Noticed a redback
  1895 | D        | Killed a redback
  1896 | D        | Noticed Maud
  1898 | D        | Killed Maud
  1898 | D        | Reached XP level 11. HP: 59/61 MP: 28/28
  1908 | D        | Noticed an electric eel
  1909 | D        | Noticed a six-headed hydra
  1909 | D        | Noticed a five-headed hydra
  1912 | D        | Killed an electric eel
  1923 | D        | Killed a five-headed hydra
  1923 | D        | Reached skill level 10 in Hexes
  1925 | D        | Killed a six-headed hydra
  1925 | D        | Reached skill level 16 in Stealth
  2145 | D        | Noticed a death drake
  2150 | D        | Killed a death drake
  2150 | D        | Reached skill level 15 in Dodging
  2177 | D        | Found a blossoming altar of Fedhas.
  2177 | D        | Noticed a spriggan
  2177 | D        | Noticed a spriggan druid
  2177 | D        | Noticed a spriggan
  2179 | D        | Killed a spriggan druid
  2180 | D        | Killed a spriggan
  2181 | D        | Killed a spriggan
  2246 | D        | Noticed an ice dragon
  2262 | D        | Killed an ice dragon
  2346 | D        | Found Peseedud's Magic Scroll Emporium.
  2346 | D        | Found Ruilout's Jewellery Shop.
  2348 | D        | Found Jeckoko's Antique Weapon Shoppe.
  2400 | D        | Killed a yaktaur
  2404 | D        | Noticed a swamp drake
  2404 | D        | Noticed a fire drake
  2405 | D        | Killed a fire drake
  2407 | D        | Killed a swamp drake
  2413 | D        | Noticed a blink frog
  2413 | D        | Noticed a blink frog
  2413 | D        | Noticed a blink frog
  2413 | D        | Noticed a blink frog
  2415 | D        | Noticed a blink frog
  2421 | D        | Killed a blink frog
  2423 | D        | Killed a blink frog
  2497 | D        | Killed a blink frog
  2502 | D        | Killed a blink frog
  2507 | D        | Killed a blink frog
  2602 | D        | Noticed Rupert
  2607 | D        | Killed Rupert
  2607 | D        | Reached skill level 17 in Stealth
  2628 | D        | Noticed a death yak
  2629 | D        | Noticed a death yak
  2629 | D        | Noticed a blink frog
  2630 | D        | Noticed an azure jelly
  2630 | D        | Noticed a death yak
  2630 | D        | Noticed an azure jelly
  2630 | D        | Noticed a blink frog
  2630 | D        | Noticed a death yak
  2631 | D        | Killed a death yak
  2631 | D        | Reached XP level 12. HP: 68/68 MP: 25/30
  2632 | D        | Killed a death yak
  2633 | D        | Killed a blink frog
  2634 | D        | Noticed a blink frog
  2634 | D        | Noticed a black mamba
  2643 | D        | Killed a blink frog
  2644 | D        | Killed a blink frog
  2645 | D        | Killed a death yak
  2795 | D        | Killed a black mamba
  2805 | D        | Killed a death yak
  2808 | D        | Noticed a black mamba
  2813 | D        | Killed a black mamba
  2813 | D        | Reached skill level 18 in Stealth
  2943 | D        | Learned a level 9 spell: Shatter
  2947 | D        | Noticed Polyphemus
  2948 | D        | Noticed a sea snake
  2948 | D        | Noticed Ilsuiw
  2948 | D        | Found Otadidgh's Antique Armour Shoppe.
  2949 | D        | Killed Polyphemus
  2949 | D        | Reached skill level 1 in Earth Magic
  2955 | D        | Killed Ilsuiw
  2961 | D        | Found Iratosho's Jewellery Boutique.
  2961 | D        | Found Gockela's Distillery.
  2961 | D        | Noticed a merfolk javelineer
  2964 | D        | Killed a sea snake
  2970 | D        | Killed a merfolk javelineer
  2988 | D        | Got a barnacled rune of Zot
  3059 | D        | Noticed an azure jelly
  3059 | D        | Noticed an azure jelly
  3060 | D        | Noticed an elephant
  3060 | D        | Noticed an elephant
  3060 | D        | Noticed a dire elephant
  3060 | D        | Noticed a dire elephant
  3060 | D        | Noticed Gastronok
  3062 | D        | Killed Gastronok
  3062 | D        | Reached skill level 15 in Spellcasting
  3063 | D        | Killed a dire elephant
  3063 | D        | Reached skill level 19 in Stealth
  3065 | D        | Killed a dire elephant
  3069 | D        | Killed an elephant
  3070 | D        | Killed an elephant
  3178 | D        | Noticed an orc knight
  3178 | D        | Noticed an orc high priest
  3179 | D        | Noticed an orc knight
  3179 | D        | Noticed an orc sorcerer
  3179 | D        | Noticed an orc priest
  3179 | D        | Found Heum's Distillery.
  3180 | D        | Killed an orc high priest
  3180 | D        | Reached XP level 13. HP: 74/74 MP: 28/33
  3181 | D        | Killed an orc knight
  3188 | D        | Killed an orc sorcerer
  3191 | D        | Killed an orc priest
  3195 | D        | Killed an orc knight
  3283 | D        | Bought a potion of beneficial mutation for 420 gold pieces
  3283 | D        | Gained mutation: You can spit poison. [potion of beneficial mutation]
  3413 | D        | Bought a runed buckler for 108 gold pieces
  3413 | D        | Bought a cloak for 108 gold pieces
  3413 | D        | Bought a runed buckler for 108 gold pieces
  3413 | D        | Bought an embroidered robe for 16 gold pieces
  3470 | D        | Bought a +3 ring of dexterity for 204 gold pieces
  3470 | D        | Bought a +3 ring of dexterity for 204 gold pieces
  3607 | D        | Noticed a deep elf priest
  3607 | D        | Noticed a deep elf priest
  3607 | D        | Noticed a deep elf knight
  3607 | D        | Noticed a deep elf conjurer
  3607 | D        | Noticed a deep elf summoner
  3612 | D        | Noticed a deep elf annihilator
  3614 | D        | Killed a deep elf knight
  3615 | D        | Killed a deep elf conjurer
  3617 | D        | Killed a deep elf summoner
  3619 | D        | Killed a deep elf priest
  3620 | D        | Killed a deep elf priest
  3621 | D        | Noticed a deep elf conjurer
  3630 | D        | Noticed a deep elf conjurer
  3632 | D        | Killed a deep elf conjurer
  3721 | D        | Noticed a deep elf high priest
  3722 | D        | Killed a deep elf conjurer
  3723 | D        | Noticed a deep elf conjurer
  3903 | D        | Noticed a deep elf high priest
  3911 | D        | Killed a deep elf annihilator
  3913 | D        | Noticed a deep elf master archer
  3920 | D        | Killed a deep elf high priest
  4097 | D        | Killed a deep elf high priest
  4097 | D        | Reached skill level 20 in Stealth
  4099 | D        | Killed a deep elf master archer
  4099 | D        | Reached skill level 15 in Short Blades
  4288 | D        | Killed a deep elf conjurer
  4539 | D        | Bought a potion of flight for 36 gold pieces
  4539 | D        | Bought a potion of flight for 36 gold pieces
  4572 | D        | Got a twisted leather armour
  4592 | D        | Got a faintly glowing platinum ring
  4592 | D        | Got a pitted lapis lazuli ring
  4598 | D        | Identified Zaynoom's Catalogue of Calling
  4609 | D        | Identified the ring "Nauxo" {rPois EV+4 Str+3} (You found it in the Dungeon)
  4611 | D        | Identified the ring of Tavu Tyt {+Inv Str+3 Int+5 Dex-3} (You found it in the Dungeon)
  4783 | D        | Got a slimy short sword {flame}
  4826 | D        | Learned a level 6 spell: Poisonous Cloud
  4912 | D        | Noticed Sigmund
  4912 | D        | Noticed Edmund
  4914 | D        | Killed Sigmund
  4914 | D        | Reached skill level 1 in Poison Magic
  4917 | D        | Killed Edmund
  4931 | D        | Noticed an orc high priest
  4931 | D        | Noticed an orc high priest
  4932 | D        | Noticed an orc priest
  4932 | D        | Noticed an orc high priest
  4933 | D        | Killed an orc high priest
  4934 | D        | Killed an orc high priest
  4936 | D        | Killed an orc priest
  4937 | D        | Killed an orc high priest
  5040 | D        | Noticed an obsidian statue
  5055 | D        | Killed an obsidian statue
  5167 | D        | Found Leqyowaatt's Book Emporium.
  5167 | D        | Found Loisi's Antique Armour Shop.
  5167 | D        | Found Vitzimeh's Gadget Shoppe.
  5167 | D        | Found Yniguph's Magic Scroll Boutique.
  5167 | D        | Found Mopnatru's Distillery.
  5167 | D        | Found Vonkuam's Food Shop.
  5167 | D        | Found Plog's Jewellery Emporium.
  5167 | D        | Found Ocaon's Magic Scroll Boutique.
  5168 | D        | Found Qang's Armour Boutique.
  5168 | D        | Found Nutu's Gadget Shoppe.
  5168 | D        | Found Jykkov's Magic Scroll Shop.
  5168 | D        | Found Paps's Antique Weapon Emporium.
  5185 | D        | Bought a scroll of identify for 20 gold pieces
  5185 | D        | Bought a scroll of identify for 20 gold pieces
  5185 | D        | Bought a scroll of identify for 20 gold pieces
  5185 | D        | Bought a scroll of identify for 20 gold pieces
  5189 | D        | Bought a scroll of identify for 20 gold pieces
  5189 | D        | Bought a scroll of identify for 20 gold pieces
  5189 | D        | Bought a scroll of identify for 20 gold pieces
  5196 | D        | Bought a scroll of magic mapping for 38 gold pieces
  5196 | D        | Bought a scroll of enchant armour for 82 gold pieces
  5196 | D        | Bought a scroll of acquirement for 572 gold pieces
  5203 | D        | Bought a scroll of enchant weapon for 105 gold pieces
  5203 | D        | Bought a scroll of enchant armour for 105 gold pieces
  5203 | D        | Bought a scroll of enchant weapon for 105 gold pieces
  5241 | D        | Noticed a spriggan defender
  5244 | D        | Noticed a spriggan defender
  5244 | D        | Noticed a spriggan defender
  5244 | D        | Noticed a spriggan defender
  5246 | D        | Killed a spriggan defender
  5248 | D        | Killed a spriggan defender
  5251 | D        | Killed a spriggan defender
  5251 | D        | Reached skill level 5 in Earth Magic
  5255 | D        | Killed a spriggan defender
  5313 | D        | Noticed a brown ugly thing
  5319 | D        | Killed a brown ugly thing
  5346 | D        | Noticed a slime creature
  5349 | D        | Killed a slime creature
  5361 | D        | Noticed a centaur warrior
  5365 | D        | Killed a centaur warrior
  5373 | D        | Noticed a fire dragon
  5374 | D        | Killed a fire dragon
  5374 | D        | Reached skill level 21 in Stealth
  5381 | D        | Noticed a water nymph
  5381 | D        | Noticed a lindwurm
  5382 | D        | Noticed a torpor snail
  5385 | D        | Killed a torpor snail
  5387 | D        | Killed a lindwurm
  5389 | D        | a water nymph changed into a cyclops
  5395 | D        | Lost mutation: You are robust (+10% HP). [a shining eye]
  5488 | D        | Noticed a scimitar of electrocution
  5488 | D        | Noticed a vampiric war axe
  5488 | D        | Noticed a battleaxe of electrocution
  5489 | D        | Noticed a mace of protection
  5490 | D        | Killed a vampiric war axe
  5512 | D        | Killed a scimitar of electrocution
  5512 | D        | Reached XP level 14. HP: 71/74 MP: 8/36
  5516 | D        | Killed a mace of protection
  5693 | D        | Killed a battleaxe of electrocution
  5826 | D        | Noticed a yaktaur
  5826 | D        | Noticed a yaktaur
  5827 | D        | Noticed a yaktaur
  5827 | D        | Noticed a yaktaur captain
  5828 | D        | Killed a yaktaur
  5832 | D        | Killed a yaktaur
  5835 | D        | Killed a yaktaur
  5838 | D        | Killed a yaktaur captain
  5838 | D        | Reached skill level 5 in Evocations
  5846 | D        | Noticed Azrael
  5848 | D        | Killed Azrael
  5914 | D        | Got a dazzling buckler
  5925 | D        | Identified the +4 buckler "Pioliciuhy" {rF- rC+ rN++ Int+3} (You acquired it in the Dungeon)
  6136 | D        | Bought a scroll of enchant armour for 97 gold pieces
  6136 | D        | Bought a scroll of enchant armour for 97 gold pieces
  6136 | D        | Bought a scroll of blinking for 97 gold pieces
  6136 | D        | Bought a scroll of blinking for 97 gold pieces
  6248 | D        | Noticed a seven-headed hydra
  6248 | D        | Noticed a four-headed hydra simulacrum
  6251 | D        | Killed a seven-headed hydra
  6254 | D        | Killed a four-headed hydra simulacrum
  6256 | D        | Got a decaying rune of Zot
  6483 | D        | Noticed a yaktaur captain
  6484 | D        | Noticed a cyan ugly thing
  6484 | D        | Noticed a purple ugly thing
  6484 | D        | Noticed a torpor snail
  6485 | D        | Noticed a slime creature
  6486 | D        | Killed a cyan ugly thing
  6488 | D        | Killed a torpor snail
  6490 | D        | Killed a slime creature
  6492 | D        | Killed a purple ugly thing
  6506 | D        | Killed a yaktaur captain
  7016 | D        | Noticed Chuck
  7041 | D        | Killed Chuck
  7201 | D        | Gained mutation: Your muscles are very strong. (Str +4) [potion of beneficial mutation]
  7214 | D        | Noticed a white ugly thing
  7218 | D        | Noticed Norris
  7219 | D        | Killed a white ugly thing
  7222 | D        | Killed Norris
  7222 | D        | Reached skill level 22 in Stealth
  7269 | D        | Noticed a white ugly thing
  7272 | D        | Killed a white ugly thing
  7273 | D        | Noticed a lich
  7276 | D        | Killed a lich
  7282 | D        | Noticed a slime creature
  7285 | D        | Killed a slime creature
  7285 | D        | Reached skill level 5 in Poison Magic
  7289 | D        | Noticed a shadow dragon
  7578 | D        | Noticed an ogre mage
  7590 | D        | Killed an ogre mage
  7609 | D        | Noticed an obsidian statue
  7609 | D        | Noticed a shadow dragon
  7786 | D        | Killed a shadow dragon
  7789 | D        | Killed a shadow dragon
  7811 | D        | Noticed a vault guard
  7820 | D        | Noticed a shadow dragon
  7821 | D        | Noticed a centaur warrior
  7821 | D        | Noticed a quicksilver dragon
  7822 | D        | Killed an obsidian statue
  7829 | D        | Noticed a golden dragon
  7830 | D        | Killed a vault guard
  7830 | D        | Reached skill level 10 in Air Magic
  7914 | D        | Noticed a vault guard
  7927 | D        | Killed a vault guard
  7927 | D        | Killed a centaur warrior
  7938 | D        | Killed a golden dragon
  7942 | D        | Killed from afar by a quicksilver dragon

Vault maps used:
D:        dungeon_sprint_mu

Action                   |  1- 3 |  4- 6 |  7- 9 | 10-12 | 13-15 || total
-------------------------+-------+-------+-------+-------+-------++-------
Melee: Dagger            |     6 |    10 |    65 |   114 |    19 ||   214
       Rapier            |       |       |       |       |    34 ||    34
       Short sword       |       |       |       |       |   353 ||   353
 Cast: Ensorcelled Hiber |     2 |       |    17 |    35 |    11 ||    65
       Confuse           |       |       |     4 |     2 |     8 ||    14
       Dazzling Spray    |       |       |    10 |    31 |    70 ||   111
       Corona            |       |       |     1 |     2 |     1 ||     4
       Static Discharge  |       |       |       |     4 |     2 ||     6
       Lightning Bolt    |       |       |       |     3 |    19 ||    22
       Poisonous Cloud   |       |       |       |       |     3 ||     3
       Tukima's Dance    |       |       |       |       |     1 ||     1
Invok: Shadow Step       |       |       |       |    10 |    11 ||    21
 Abil: Evoke Invisibilit |       |       |       |       |     6 ||     6
       Evoke Flight      |       |       |       |       |     2 ||     2
  Use: Potion            |       |     5 |     2 |     2 |     6 ||    15
       Scroll            |       |     3 |       |     1 |    19 ||    23
 Stab: Sleeping          |     5 |     6 |    18 |    54 |    48 ||   131
       Confused          |       |       |     4 |     2 |     1 ||     7
       Invisible         |       |       |     1 |     2 |     6 ||     9
       Distracted        |       |       |       |       |     1 ||     1
  Eat: Bread ration      |       |       |       |     1 |     1 ||     2
